 Dungeon Crawl Stone Soup version 0.19.4-9-g45fd643 (webtiles) character file.

505 raph the Magician (level 6, -7/32 HPs)
             Began as a Deep Elf Wizard on Feb 22, 2017.
             Killed by divine providence
             ... invoked by an orc priest
              (11 damage)
             ... on level 5 of the Dungeon.
             The game lasted 00:09:25 (4720 turns).

raph the Magician (Deep Elf Wizard)                 Turns: 4720, Time: 00:09:25

Health: -7/32      AC:  8    Str:  5    XL:     6   Next: 96%
Magic:  2/17       EV: 13    Int: 24    God:
Gold:   151        SH:  0    Dex: 13    Spells: 6 memorised, 4 levels left

rFire  . . .     SeeInvis .     l - +0 dagger
rCold  . . .     Gourm    .     a - +0 robe
rNeg   . . .     Faith    .     (no shield)
rPois  .         Spirit   .     b - +1 hat
rElec  .         Reflect  .     (no cloak)
rCorr  .         Harm     .     (no gloves)
MR     .....                    (no boots)
Stlth  ++........               (no amulet)
                                (no ring)
                                r - +5 ring of protection

@: repel missiles, drained
A: no striking features
a: no special abilities


You were on level 5 of the Dungeon.
You were not hungry.

You visited 1 branch of the dungeon, and saw 6 of its levels.
You also visited: Sewer.

You collected 151 gold pieces.

Inventory:

Hand Weapons
 l - a +0 dagger (weapon)
Missiles
 s - 8 javelins (quivered)
 u - 2 throwing nets
Armour
 a - a +0 robe (worn)
 b - a +1 hat (worn)
Jewellery
 r - a +5 ring of protection (left hand)
Scrolls
 f - 3 scrolls of teleportation
 i - 3 scrolls of magic mapping
 j - 4 scrolls of recharging
 t - 3 scrolls of remove curse
Potions
 g - a potion of berserk rage
 h - 2 potions of heal wounds
 m - 3 potions of haste
 n - 3 potions of brilliance
 o - a potion of magic {unknown}
 p - 2 potions of curing {unknown}
 A - a potion of lignification {unknown}
Books
 c - a book of Minor Magic

   Spells                             Type                      Level
   a - Magic Dart                     Conjuration                  1
   b - Blink                          Translocation                2
   c - Call Imp                       Summoning                    2
   d - Repel Missiles                 Charms/Air                   2
   e - Slow                           Hexes                        2
   f - Conjure Flame                  Conjuration/Fire             3
   g - Mephitic Cloud                 Conjuration/Poison/Air       3
Comestibles
 d - 5 bread rations
 w - 3 meat rations


   Skills:
 + Level 4.2(3.7) Dodging
 - Level 3.4(2.9) Stealth
 + Level 6.0(5.5) Spellcasting
 * Level 5.0(4.5) Conjurations
 - Level 1.1(0.6) Summonings
 - Level 1.1(0.6) Translocations
 + Level 3.1(2.7) Fire Magic
 - Level 0.2(0.0) Poison Magic


You had 4 spell levels left.
You knew the following spells:

 Your Spells              Type           Power        Failure   Level  Hunger
a - Magic Dart            Conj           ####         1%          1    None
b - Blink                 Tloc           N/A          12%         2    None
c - Call Imp              Summ           #.......     12%         2    None
d - Conjure Flame         Conj/Fire      ###.....     10%         3    #......
e - Mephitic Cloud        Conj/Pois/Air  ##......     17%         3    #......
f - Repel Missiles        Chrm/Air       #.....       14%         2    None


Dungeon Overview and Level Annotations

Branches:
Dungeon (6/15)
 Temple: D:4-7

Altars:
Dithmenos
Okawaru
Zin


Message History

You don't have enough magic to cast that spell.
The jackal bites you but does no damage.
The jackal bites you.
* * * LOW HITPOINT WARNING * * *
Casting: Magic Dart
Confirm with . or Enter, or press ? or * to list all spells.
Aiming: Magic Dart
Press: ? - help, Shift-Dir - straight line, f/p - jackal
Aim: a jackal (almost dead)
The magic dart hits the jackal.
You kill the jackal!
Found a chain mail and a crystal spear.
You start resting.
An orc priest comes into view. It is wielding a mace.
The orc priest shouts!
All of the chunks of flesh in your inventory have rotted away.
Okay, then.
The orc priest calls down the wrath of Beogh upon you.
Beogh smites you!
You die...

#....#.##...
#....o##.#..
#.....#.#.# #......#.#
#.......# #.......#
#.......# #.......# ..
. #....@.#.##.. ..
#.....#.#.#..# ....
#...†.##.#....# #.!..
#....#.##...h..##.#...
#...#$#..........#.#..
#...##............##..
#..#. ..........(...#.
#.. . ..............[
#.. .. ....#######....


You could see an orc priest.

Vanquished Creatures
  An ice beast (D:5)
  A big kobold (D:3)
  A howler monkey (D:4)
  3 hounds
  2 bullfrog skeletons (D:4)
  Ijyb (D:3)
  A worker ant (D:5)
  3 adders
  4 worms
  2 dart slugs (D:2)
  A leopard gecko (D:1)
  2 orcs
  4 ball pythons (Sewer)
  2 giant cockroaches (D:2)
  7 goblins
  7 hobgoblins
  9 jackals
  4 kobolds
  A quokka (D:4)
  6 bats
  7 frilled lizards
  15 rats
84 creatures vanquished.

Notes
Turn   | Place    | Note
-------+----------+-------------------------------------------
     0 | D:1      | raph the Deep Elf Wizard began the quest for the Orb.
     0 | D:1      | Reached XP level 1. HP: 10/10 MP: 7/7
   270 | D:1      | Reached XP level 2. HP: 13/15 MP: 2/9
   524 | D:1      | Learned a level 2 spell: Blink
   527 | D:1      | Learned a level 2 spell: Call Imp
   954 | D:1      | Reached XP level 3. HP: 19/19 MP: 8/11
  1196 | D:2      | Learned a level 3 spell: Conjure Flame
  1200 | D:2      | Learned a level 3 spell: Mephitic Cloud
  1912 | D:3      | Noticed Ijyb
  1923 | D:3      | Killed Ijyb
  1923 | D:3      | Reached skill level 5 in Spellcasting
  1923 | D:3      | Reached XP level 4. HP: 21/24 MP: 0/13
  2323 | D:3      | Reached skill level 1 in Fire Magic
  2377 | D:3      | Noticed a big kobold
  2385 | D:3      | Killed a big kobold
  2385 | D:3      | Reached XP level 5. HP: 28/28 MP: 0/14
  2986 | D:4      | Learned a level 2 spell: Repel Missiles
  3162 | D:4      | Found an iron altar of Okawaru.
  3162 | D:4      | Found a glowing silver altar of Zin.
  3465 | D:4      | Reached XP level 6. HP: 32/32 MP: 8/16
  4018 | D:5      | Entered Level 5 of the Dungeon
  4094 | D:5      | Found a shadowy altar of Dithmenos.
  4183 | D:5      | Found a glowing drain.
  4187 | Sewer    | Entered a sewer
  4615 | D:5      | Noticed an ice beast
  4618 | D:5      | Noticed an ice beast
  4633 | D:5      | Killed an ice beast
  4633 | D:5      | Reached skill level 6 in Spellcasting
  4695 | D:5      | Reached skill level 5 in Conjurations
  4720 | D:5      | Killed from afar by an orc priest

Skill      XL: |  1  2  3  4  5  6 |
---------------+-------------------+-----
Stealth        | 3 |  3.4
Conjurations   | 2 3 4 5 |  5.0
Spellcasting   | 5 6 |  6.0
Fire Magic     | 1 2 3 |  3.1
Dodging        | 3 4 |  4.2
Summonings     | |  1.1
Translocations | |  1.1
Poison Magic   | |  0.2

Action                   |  1- 3 |  4- 6 || total
-------------------------+-------+-------++-------
Melee: Dagger            |     5 |    10 ||    15
       Unarmed           |     2 |       ||     2
Throw: Javelin           |       |     5 ||     5
 Cast: Magic Dart        |    98 |   159 ||   257
       Conjure Flame     |       |     4 ||     4
       Mephitic Cloud    |       |     2 ||     2
       Repel Missiles    |       |     1 ||     1
  Use: Scroll            |       |    15 ||    15
  Eat: Chunk             |     3 |     7 ||    10
       Pizza             |       |     1 ||     1
Armor: Robe              |    10 |    17 ||    27
Dodge: Dodged            |    39 |    42 ||    81
